Map: 瑟拉斯废墟

Players

iGRushcrazy

  • Race: Protoss Protoss
  • League: Master

iGXiGua - Winner!

  • Race: Zerg Zerg
  • League: Master

Event: GPL 2015 - Grand Finals

VOD

Have the link to the VOD?

Description

Time

  • Played on: Jan. 10, 2016, 6:28 a.m.
  • Length: 9:02

All games in this series

Show
View Real Time Build Order
Export as new Build Order

iGRushcrazy Protoss 

Build Orders: Phoenix Opening, Zealot Archon 

Get SALT Encoding   

  12  0:01  Probe (Chrono Boost)  
  13  0:11  Probe (Chrono Boost)  
  14  0:20  Pylon  
  14  0:23  Probe (Chrono Boost)  
  15  0:38  Probe (Chrono Boost)  
  16  0:48  Probe (Chrono Boost)  
  17  0:59  Probe (Chrono Boost)  
  18  1:06  Nexus  
  18  1:13  Gateway  
  18  1:16  Probe (Chrono Boost)  
  19  1:22  Assimilator  
  19  1:27  Probe (Chrono Boost)  
  19  1:31  Assimilator  
  20  1:37  Probe (Chrono Boost)  
  21  1:48  Probe (Chrono Boost)  
  22  1:57  Pylon  
  22  1:58  Probe (Chrono Boost)  
  23  2:03  Cybernetics Core  
  23  2:15  Probe (Chrono Boost)  
  24  2:19  Probe (Chrono Boost)  
  25  2:25  Probe (Chrono Boost)  
  25  2:29  Probe (Chrono Boost)  
  27  2:36  Probe (Chrono Boost)  
  28  2:39  Probe (Chrono Boost)  
  28  2:40  Stargate  
  28  2:42  Adept (Chrono Boost)  
  28  2:44  Warp Gate  
  31  2:47  Probe  
  31  2:49  Probe  
  33  2:59  Probe (Chrono Boost)  
  33  3:00  Mothership Core (Chrono Boost)  
  36  3:06  Pylon  
  36  3:08  Adept  
  36  3:11  Probe (Chrono Boost)  
  39  3:19  Probe (Chrono Boost)  
  40  3:21  Probe (Chrono Boost)  
  40  3:24  Phoenix (Chrono Boost)  
  43  3:28  Probe  
  43  3:33  Probe  
  45  3:39  Probe  
  45  3:40  Gateway  
  45  3:41  Gateway, Adept  
  48  3:44  Pylon  
  48  3:45  Probe  
  49  3:50  Phoenix (Chrono Boost)  
  49  3:52  Probe  
  52  4:00  Probe  
  53  4:11  Nexus  
  53  4:12  Pylon  
  53  4:13  Probe  
  54  4:18  Phoenix (Chrono Boost)  
  54  4:19  Probe  
  54  4:23  Assimilator  
  57  4:26  Assimilator  
  57  4:32  Probe x2  
  59  4:39  Pylon  
  59  4:42  Probe  
  59  4:44  Probe  
  57  4:47  Phoenix (Chrono Boost)  
  58  4:53  Adept x2  
  62  5:02  Pylon  
  62  5:03  Probe  
  62  5:10  Twilight Council  
  62  5:11  Forge  
  62  5:17  Pylon  
  62  5:20  Zealot  
  62  5:22  Oracle (Chrono Boost)  
  62  5:23  Zealot  
  62  5:28  Adept  
  64  5:33  Probe  
  64  5:35  Pylon  
  63  5:41  Protoss Ground Weapons Level 1  
  63  5:42  Charge (Chrono Boost)  
  63  5:43  Adept x2  
  63  5:47  Pylon  
  67  5:59  Robotics Facility  
  67  6:01  Pylon, Zealot  
  67  6:02  Probe  
  70  6:05  Pylon  
  70  6:16  Zealot x2  
  70  6:18  Probe  
  73  6:26  Phoenix (Chrono Boost)  
  73  6:29  Templar Archives  
  75  6:33  Gateway  
  75  6:34  Gateway  
  75  6:39  Gateway  
  75  6:41  Gateway  
  75  6:44  Pylon  
  75  6:46  Sentry  
  77  6:47  Sentry  
  77  6:52  Warp Prism (Chrono Boost)  
  81  7:02  Zealot  
  81  7:05  Pylon  
  83  7:11  Nexus  
  83  7:16  Sentry  
  85  7:23  Gateway, High Templar  
  85  7:24  High Templar  
  89  7:33  Zealot, Archon  
  89  7:34  Zealot  
  93  7:47  Pylon  
  92  7:53  High Templar  
  92  7:54  Zealot x2  
  92  7:55  Zealot, High Templar  
  92  7:56  Zealot  
  104  8:01  Archon  
  104  8:07  Pylon  
  100  8:17  Zealot x5  
  96  8:28  Zealot x2  
  98  8:35  Zealot x2  
  98  8:40  Zealot  
  98  8:41  Zealot x2  
  98  8:46  Zealot x2  
  86  8:51  Zealot  
Show
View Real Time Build Order
Export as new Build Order

iGXiGua Zerg - Winner!

Build Orders: 3 Hatch before Pool 

Get SALT Encoding   

  12  0:04  Drone  
  13  0:08  Drone  
  14  0:18  Overlord  
  14  0:22  Extractor  
  14  0:24  Drone  
  15  0:37  Drone x2  
  17  0:57  Hatchery, Drone  
  17  1:01  Drone  
  18  1:24  Hatchery  
  18  1:25  Drone  
  18  1:30  Drone  
  19  1:38  Extractor  
  18  1:44  Spawning Pool  
  18  1:46  Drone  
  18  1:50  Drone  
  18  1:53  Drone  
  20  2:05  Drone  
  21  2:09  Drone  
  22  2:16  Drone  
  22  2:19  Overlord  
  23  2:30  Queen  
  23  2:31  Queen  
  23  2:33  Zergling x2  
  28  2:39  Zergling x4  
  30  2:45  Queen  
  30  2:49  Zergling x2  
  33  2:51  Zergling x2  
  33  2:54  Drone  
  33  2:57  Drone  
  37  2:58  Drone  
  37  3:04  Metabolic Boost  
  37  3:09  Drone  
  38  3:13  Queen  
  38  3:17  Drone  
  41  3:20  Overlord  
  41  3:24  Overlord  
  41  3:27  Drone  
  41  3:33  Drone  
  42  3:34  Overlord  
  42  3:44  Drone x5  
  42  3:46  Drone x2  
  42  3:48  Drone  
  50  3:52  Drone x2  
  52  3:56  Zergling x4  
  52  3:58  Zergling x2  
  52  4:01  Overlord  
  52  4:02  Zergling x2  
  55  4:05  Zergling x2  
  55  4:07  Zergling x4  
  57  4:10  Zergling x2  
  57  4:12  Overlord  
  58  4:19  Queen  
  58  4:20  Queen  
  62  4:24  Overlord  
  62  4:27  Zergling x6  
  65  4:32  Drone  
  65  4:37  Zergling x2  
  65  4:38  Zergling x10  
  71  4:41  Zergling x4  
  71  4:43  Zergling x2  
  70  4:46  Zergling x2  
  70  4:48  Zergling x4  
  70  4:51  Zergling x6  
  74  4:54  Spore Crawler  
  74  4:57  Spore Crawler  
  74  4:59  Spore Crawler  
  70  5:00  Zergling x4  
  70  5:03  Zergling x4  
  70  5:07  Queen  
  71  5:11  Drone  
  71  5:14  Zergling x4  
  73  5:16  Overlord  
  73  5:17  Overlord  
  72  5:22  Zergling x4  
  72  5:26  Zergling x4  
  72  5:30  Zergling x6  
  73  5:37  Lair, Roach Warren  
  73  5:40  Drone  
  73  5:41  Drone  
  73  5:44  Drone  
  73  5:45  Drone  
  73  5:46  Extractor  
  73  5:48  Drone x2  
  75  5:52  Evolution Chamber  
  75  5:55  Evolution Chamber, Extractor, Drone  
  75  5:56  Extractor  
  72  6:00  Drone x3  
  72  6:01  Drone  
  76  6:09  Drone x2  
  76  6:10  Drone x2  
  77  6:11  Drone x2  
  77  6:13  Drone  
  80  6:18  Zerg Missile Weapons Level 1  
  80  6:24  Drone x2  
  82  6:31  Overlord  
  82  6:32  Overlord  
  82  6:34  Zerg Ground Armor Level 1  
  82  6:39  Overseer  
  82  6:40  Hydralisk Den  
  82  6:44  Overlord x2, Drone  
  82  6:50  Drone x4  
  82  6:53  Drone  
  86  6:58  Drone x3  
  89  7:02  Drone x3  
  89  7:03  Drone  
  89  7:06  Drone  
  89  7:07  Drone  
  89  7:08  Drone  
  96  7:09  Drone  
  96  7:12  Lurker Den  
  96  7:15  Extractor  
  96  7:16  Extractor  
  96  7:17  Drone x3  
  96  7:30  Roach  
  96  7:31  Roach x5  
  96  7:34  Roach x2  
  96  7:35  Glial Reconstitution  
  111  7:39  Roach  
  111  7:41  Overlord x2  
  112  7:46  Overlord  
  112  7:49  Roach x8  
  112  7:50  Overlord  
  112  7:51  Overlord  
  112  7:56  Overlord x2  
  112  8:04  Ravager x8  
  120  8:12  Roach x10  
  126  8:15  Roach x2  
  126  8:16  Roach  
  126  8:19  Roach  
  122  8:21  Roach  
  122  8:25  Roach x2  
  120  8:28  Roach x2  
  120  8:34  Roach x3  
  128  8:36  Roach  
  128  8:37  Roach  
  128  8:39  Overseer  
  128  8:40  Roach  
Tags
 
Add a new tag
Caveats
  • Supply blocks, unpowered buildings, or Contaminate may cause inaccurate times.
  • Supply counts are checked every 10 seconds.